 Dungeon Crawl Stone Soup version 0.28.0-43-g3370ac3207 (console) character file.

Game seed: 9311645872954951914

3299 Zeor the Spear-Bearer (level 10, -5/76 HPs)
             Began as a Formicid Fighter on Mar 22, 2022.
             Was an Elder of the Shining One.
             Slain by a vampire
             ... wielding a +0 vampiric glaive
              (9 damage)
             ... in a bailey.
             The game lasted 00:22:44 (7624 turns).

Zeor the Spear-Bearer (Formicid Fighter)            Turns: 7624, Time: 00:22:44

Health: -5/76      AC: 13    Str: 25    XL:     10   Next: 20%
Magic:  10/10      EV: 10    Int:  8    God:    the Shining One [****..]
Gold:   266        SH:  8    Dex: 10    Spells: 9/9 levels left

rFire   . . .      SeeInvis +   a - +0 halberd
rCold   . . .      Faith    .   c - +3 buckler
rNeg    + + .      Spirit   .   b - +1 scale mail
rPois   .          Reflect  .   (helmet unavailable)
rElec   .          Harm     .   r - +2 cloak
rCorr   .          Rampage  .   w - +0 pair of gloves
Will    +....                   (no boots)
Stlth   ..........              h - amulet of regeneration
HPRegen 1.02/turn               (no ring)
MPRegen 0.12/turn               (no ring)

@: glowing
A: permanent stasis, dig shafts and tunnels, antennae 3, four strong arms
a: Dig, Renounce Religion, Divine Shield, Cleansing Flame


You were in a bailey.
You worshipped the Shining One.
The Shining One was greatly pleased with you.
You visited 2 branches of the dungeon, and saw 8 of its levels.
You also visited: Bailey.

You collected 266 gold pieces.

Inventory:

Hand Weapons
 a - a +0 halberd (weapon)
 A - a +1 trident
 B - a +0 halberd
Missiles
 d - 2 throwing nets
 i - 2 atropa-tipped darts
 j - 30 bolts
 n - 101 arrows
Armour
 b - a +1 scale mail (worn)
 c - a +3 buckler (worn)
 r - a +2 cloak (worn)
 v - the +2 robe of the Elven Halls {SInv}
   (You found it on level 5 of the Dungeon)

   SInv:      It lets you see invisible.
 w - a +0 pair of gloves (worn)
Jewellery
 h - an amulet of regeneration (around neck)
Wands
 k - a wand of flame (29)
 m - a wand of polymorph (9)
 t - a wand of digging (3)
 u - a wand of acid (9)
 y - a wand of iceblast (14)
Scrolls
 z - a scroll of amnesia
Potions
 f - 3 potions of heal wounds
 g - a potion of flight
 l - 2 potions of magic {unknown}
 o - a potion of brilliance {unknown}
 p - a potion of mutation {unknown}
 q - a potion of ambrosia {unknown}
 s - 2 potions of haste {unknown}
 x - a potion of attraction {unknown}
 C - a potion of invisibility {unknown}


   Skills:
 + Level 5.7 Fighting
 * Level 11.1 Polearms
 + Level 6.2 Armour
 + Level 2.6 Dodging
 + Level 0.8 Stealth
 + Level 6.0 Shields


You had 9 spell levels left.
You didn't know any spells.
Your spell library contained the following spells:

 Spells                   Type           Power      Damage    Failure   Level
 Lesser Beckoning         Tloc           0%         N/A       98%         3
 Stone Arrow              Conj/Erth      0%         3d7       98%         3
 Animate Armour           Summ/Erth      0%         N/A       100%        4
 Manifold Assault         Tloc           0%         N/A       100%        5
 Lehudib's Crystal Spear  Conj/Erth      0%         10d2      100%        8
 Blink                    Tloc           Unusable   N/A       N/A         2

Dungeon Overview and Level Annotations

Branches:
Dungeon (7/15)             Temple (1/1) D:4          Bailey (1/1)

Altars:
Ashenzari
Cheibriados
Dithmenos
Elyvilon
Fedhas
Gozag
Hepliaklqana
Kikubaaqudgha
Nemelex Xobeh
Okawaru
Qazlal
Ru
Uskayaw
Wu Jian
Xom
Yredelemnul
Zin
The Shining One

Shops:
D:3 [

Annotations:
D:3 1 runed translucent door, Crazy Yiuf
D:5 1 runed translucent door, Zeor's ghost, novice PaFi


Innate Abilities, Weirdness & Mutations

You cannot be hasted, slowed, berserked, paralysed or teleported.
You can dig through walls and to a lower floor.
You have a pair of large antennae on your head. (SInv)
Your four strong arms can wield two-handed weapons with a shield.


Message History

You block the vampire's attack.
The vampire gestures at you while chanting.
You easily resist.
You feel much better.
The vampire hits you from afar with a +0 vampiric halberd!
The vampire hits you with a +0 vampiric glaive.
The vampire bites you.
Activating: Cleansing Flame (82% risk of failure)
Press: ? - help, Dir - look around, f - activate Look: a vampire, wielding a +0 vampiric glaive, wearing a +0 chain mail and wearing the amulet "Bylodidd" {Spirit rPois rF- Dex-3 Stlth+} (lightly damaged, haloed)
You fail to use your ability.
The vampire barely misses you.
The vampire hits you with a +0 vampiric glaive.
You block the vampire's attack.
Activating: Cleansing Flame (82% risk of failure)
Press: ? - help, Dir - look around, f - activate Look: a vampire, wielding a +0 vampiric glaive, wearing a +0 chain mail and wearing the amulet "Bylodidd" {Spirit rPois rF- Dex-3 Stlth+} (lightly damaged, haloed)
You fail to use your ability.
The vampire mumbles some strange words.
The vampire flickers and vanishes for a moment.
The vampire hits you with a +0 vampiric glaive.
* * * LOW HITPOINT WARNING * * *
The vampire bites you but does no damage.
Activating: Cleansing Flame (82% risk of failure)
Press: ? - help, Dir - look around, f - activate Look: a vampire, wielding a +0 vampiric glaive, wearing a +0 chain mail and wearing the amulet "Bylodidd" {Spirit rPois rF- Dex-3 Stlth+} (lightly damaged, haloed)
You fail to use your ability.
The vampire hits you from afar with a +0 vampiric halberd!
* * * LOW HITPOINT WARNING * * *
The vampire draws strength from your wounds!
The vampire hits you with a +0 vampiric glaive.
* * * LOW HITPOINT WARNING * * *
You block the vampire's attack.
Activating: Cleansing Flame (82% risk of failure)
Press: ? - help, Dir - look around, f - activate Look: a vampire, wielding a +0 vampiric glaive, wearing a +0 chain mail and wearing the amulet "Bylodidd" {Spirit rPois rF- Dex-3 Stlth+} (lightly damaged, haloed)
You fail to use your ability.
The vampire hits you from afar with a +0 vampiric halberd.
* * * LOW HITPOINT WARNING * * *
The vampire hits you with a +0 vampiric glaive!
You die...

▒▒▒▒▒ ▒▒▒▒▒ ▒∙∙∙▒ ▒∙∙∙∙▒
▒▒▒▒ ▒∙÷)▒▒▒▒
∙∙∙∙∙▒▒∙8▒▒▒▒▒∙÷)'∙∙▒▒▒▒
▒∙∙V▒∙∙▒8∙∙▒▒▒▒▒∙)▒∙∙∙
▒∙∙VB∙▒∙∙∙∙∙∙∙▒▒'▒∙∙∙
▒▒∙∙'∙∙▒∙∙∙∙∙∙∙∙∙∙∙∙∙∙
▒∙∙∙▒∙∙▒∙∙∙∙∙∙♣∙∙∙∙∙∙▒
▒[∙∙∙∙∙▒▒∙∙▒∙∙∙∙∙∙∙∙∙∙∙∙∙∙
▒▒8∙∙∙▒▒∙∙∙▒∙∙∙∙∙∙♣∙∙∙∙∙∙∙
▒▒▒▒▒▒∙∙∙∙▒▒∙∙∙∙∙∙∙∙♣∙∙∙▒
▒8∙∙∙∙∙∙▒▒∙∙∙)♣♣∙∙∙∙∙∙
▒∙∙∙▒▒∙∙∙▒▒∙∙∙∙∙∙∙∙∙∙∙
▒∙∙▒▒)))∙▒∙∙∙∙∙∙∙∙∙∙∙∙


You could see 2 vampires.

Vanquished Creatures
  A gargoyle (Bailey)
  A wraith (D:7)
  Edmund (D:4)
  An orc warrior (D:7)
  An ice beast (D:6)
  3 sky beasts
  2 black bears
  A necrophage (D:4)
  An ogre (D:6)
  A centaur (D:7)
  A phantom (D:4)
  A kobold brigand (D:7)
  A scorpion (D:5)
  A water moccasin skeleton (D:6)
  6 wights
  3 wolf zombies (Bailey)
  A howler monkey (D:5)
  9 vampire bats (Bailey)
  A centaur zombie (D:6)
  A centaur skeleton (D:5)
  4 hounds
  5 orc priests
  Jessica (D:2)
  3 iguanas
  5 orc wizards
  Ijyb (D:5)
  2 adders
  2 ufetubi
  An adder skeleton (D:4)
  2 worms
  2 dart slugs
  28 orcs
  2 bats (D:1)
  10 endoplasms
  4 giant cockroaches
  8 goblins
  7 hobgoblins
  4 jackals (D:4)
  5 quokkas
  6 ball pythons
  A frilled lizard (D:1)
  11 kobolds
  21 orc zombies (Bailey)
  3 rats
176 creatures vanquished.

Vanquished Creatures (others)
  A fungus (D:3)
1 creature vanquished.

Grand Total: 177 creatures vanquished

Notes
Turn   | Place    | Note
-------+----------+-------------------------------------------
     0 | D:1      | Zeor the Formicid Fighter began the quest for the Orb.
     0 | D:1      | Reached XP level 1. HP: 18/18 MP: 1/1
    85 | D:1      | Reached XP level 2. HP: 15/24 MP: 2/2
   495 | D:1      | Reached XP level 3. HP: 28/29 MP: 3/3
   793 | D:2      | Noticed Jessica
   799 | D:2      | Killed Jessica
   800 | D:2      | Reached skill level 3 in Polearms
   800 | D:2      | Reached XP level 4. HP: 30/36 MP: 4/4
  1916 | D:3      | Reached XP level 5. HP: 22/42 MP: 5/5
  2355 | D:3      | Reached skill level 4 in Polearms
  2686 | D:3      | Found a faded altar of an unknown god.
  2819 | D:3      | Found a runed translucent door.
  2820 | D:3      | Noticed Crazy Yiuf
  2866 | D:3      | Found Isel's Antique Armour Shoppe.
  3189 | D:4      | Reached XP level 6. HP: 38/48 MP: 6/6
  3341 | D:4      | Noticed Edmund
  3375 | D:4      | Killed Edmund
  3376 | D:4      | Reached skill level 5 in Polearms
  3376 | D:4      | Reached skill level 1 in Dodging
  3648 | D:4      | Reached XP level 7. HP: 53/54 MP: 7/7
  3985 | D:4      | Found a hazy altar of Hepliaklqana.
  4021 | D:4      | Found a staircase to the Ecumenical Temple.
  4036 | D:4      | Reached skill level 6 in Polearms
  4076 | Temple   | Entered the Ecumenical Temple
  4085 | Temple   | Became a worshipper of the Shining One
  4382 | D:5      | Entered Level 5 of the Dungeon
  4607 | D:5      | Noticed Ijyb
  4627 | D:5      | Killed Ijyb
  4655 | D:5      | Found a runed translucent door.
  4658 | D:5      | Noticed Zeor's ghost (novice PaFi)
  4700 | D:5      | Reached XP level 8. HP: 32/61 MP: 8/8
  4743 | D:5      | Found a snail-covered altar of Cheibriados.
  4775 | D:5      | Found an ancient bone altar of Kikubaaqudgha.
  4904 | D:5      | Found an opulent altar of Gozag.
  4910 | D:5      | Identified the +2 robe of the Elven Halls {SInv}
  4960 | D:5      | Found a hide-covered altar of Uskayaw.
  5000 | D:5      | Reached skill level 5 in Armour
  5193 | D:5      | Reached skill level 7 in Polearms
  5793 | D:6      | Reached skill level 5 in Shields
  5796 | D:6      | Reached * piety under the Shining One
  5865 | D:6      | Reached skill level 8 in Polearms
  6020 | D:6      | Reached XP level 9. HP: 67/67 MP: 9/9
  6116 | D:6      | Reached skill level 5 in Fighting
  6208 | D:6      | Found a white marble altar of Elyvilon.
  6255 | D:6      | Reached skill level 9 in Polearms
  6294 | D:6      | Found a basalt altar of Yredelemnul.
  6806 | D:7      | Found an ornate altar of the Wu Jian Council.
  7240 | D:7      | Reached skill level 10 in Polearms
  7306 | D:7      | Found a flagged portal.
  7312 | Bailey   | Entered a bailey
  7317 | Bailey   | Reached ** piety under the Shining One
  7464 | Bailey   | Reached *** piety under the Shining One
  7500 | Bailey   | Reached XP level 10. HP: 74/74 MP: 10/10
  7531 | Bailey   | Noticed a gargoyle
  7540 | Bailey   | Killed a gargoyle
  7541 | Bailey   | Reached skill level 11 in Polearms
  7550 | Bailey   | Reached **** piety under the Shining One
  7603 | Bailey   | Identified the amulet "Bylodidd" {Spirit rPois rF- Dex-3
                  | Stlth+}
  7624 | Bailey   | Slain by a vampire

Illustrated notes

Levels and vault maps discovered:
D:1:      noname_arrival_rooms_in_the_neighbourhood, layout_rooms, serial_glass,
          glass_columns_c, glass_columns_a, glass_columns_b, glass_columns_a,
          glass_columns_a, glass_columns_b, glass_columns_a, glass_columns_b,
          glass_columns_c, glass_columns_b
D:2:      layout_basic, uniq_jessica
D:3:      layout_loops_ring, serial_shops, nicolae_shop_waterfront,
          hellmonk_ecumenical_altar_heavens_door, nrook_campfire,
          uniq_crazy_yiuf_cottage
D:4:      layout_basic, worldfamousw_hep_ancestral_shrine,
          minmay_temple_entry_purple_smoke, uniq_edmund
D:5:      layout_loops_corners, mainiacjoe_overflow_six_doors_small,
          mainiacjoe_overflow_two_lobes, mainiacjoe_overflow_boulevard,
          ebering_ghost_reflecting_pool, chequers_serial_rivers_micro_e,
          uniq_ijyb
D:6:      layout_basic, kennysheep_little_box, nicolae_elyvilon_peaceful_grove
D:7:      layout_loops_corners, nzn_wu_jian_contemplation, enter_bailey_4,
          uniq_pikel
Temple:   eino_wide_crystal_templ
Bailey:   bailey_polearm_vampire_castle_hellmonk, bailey

Skill      XL: |  1  2  3  4  5  6  7  8  9 10 |
---------------+-------------------------------+-----
Shields        | 4 5 6 |  6.0
Polearms       | 3 4 5 6 8 10 11 | 11.1
Armour         | 4 5 6 |  6.2
Fighting       | 4 5 |  5.7
Dodging        | 1 2 |  2.6
Stealth        | |  0.8

Action                   |  1- 3 |  4- 6 |  7- 9 | 10-12 || total
-------------------------+-------+-------+-------+-------++-------
Melee: Trident           |    89 |   146 |   351 |       ||   586
       Halberd           |       |       |    51 |    50 ||   101
 Abil: Dig               |       |       |       |     2 ||     2
  Use: Scroll            |     2 |     8 |    10 |       ||    20
       Potion            |       |     1 |       |     2 ||     3
Armor: Scale mail        |    48 |    43 |   148 |    22 ||   261
Dodge: Dodged            |    44 |    39 |   141 |    34 ||   258
Block: Buckler           |    21 |    26 |   107 |    18 ||   172
